Unix NetHack Version 3.7.0-59 Work-in-progress - last build Jun 21 2022 21:34:18 (82e59222e4b6558e33156aede0636042c14940b8,branch:master). Game began 2022-06-12 11:17:47, ended 2022-10-20 14:09:06. MrWarthog, lawful female human Valkyrie a .. a a @ ...aAAA@ & ... A@A V A ..AAA& a a A ---A A @ @ H A@ D @@ @ @ @ @@ A @ @@ @ @ @ @ A @@ AB @&A AA @ A@ @ AA @ @ D A @ A A @ @ A @ A @ @ A @ A @A D @ A A @@ B H MrWarthog the Warrior St:25 Dx:15 Co:18 In:8 Wi:13 Ch:10 Lawful Astral Plane $:0 HP:0(229) Pw:59(59) AC:-34 TermIll Satiated Blind Stun Conf Xp:17/699071 T:59485 Latest messages: You are hit by a shower of missiles! The missiles bounce off! The invisible Pestilence reaches out, and you feel fever and chills. You feel even worse. The invisible Pestilence touches you! The Angel of Moloch hits! The Angel of Moloch hits! The Angel of Moloch misses! The Angel of Moloch casts a spell at you! You are hit by a shower of missiles! The missiles bounce off! "Go play leapfrog with a herd of unicorns!" The Angel of Moloch hits! The Angel of Moloch hits! The Angel of Moloch hits! The Angel of Moloch casts a spell at you! You are hit by a shower of missiles! The missiles bounce off! The Angel of Moloch hits! The Angel of Moloch hits! The Angel of Moloch hits! The Angel of Moloch casts a spell at you! You are hit by a shower of missiles! The missiles bounce off! "I first mistook thee for a statue, when I regarded thy head of stone." The Angel of Moloch hits! The Angel of Moloch hits! The Angel of Moloch hits! The Angel of Moloch casts a spell at you! You are hit by a shower of missiles! The missiles bounce off! The Angel of Moloch misses! The Angel of Moloch misses! The Angel of Moloch misses! The Angel of Moloch casts a spell at you! You are hit by a shower of missiles! The missiles bounce off! The Angel of Moloch misses! The Angel of Moloch misses! The Angel of Moloch hits! The Angel of Moloch casts a spell at you! You are hit by a shower of missiles! The missiles bounce off! You die from your illness. Do you want your possessions identified? [ynq] (y) Do you want to see your attributes? [ynq] (y) Do you want an account of creatures vanquished? [ynaq] (y) Do you want a list of species genocided and extinct? [ynq] (y) Do you want to see your conduct and achievements? [ynq] (y) Do you want to see the dungeon overview? [ynq] (y) Major events: Turn 1: MrWarthog the lawful human Valkyrie entered the dungeon 627: entered the Gnomish Mines 691: attained the rank of Skirmisher (level 3) 2544: attained the rank of Fighter (level 6) 3009: reached Mine Town 5612: made her first wish - "blessed greased fixed +2 gray dragon scale mail", got "a greased gray dragon scale mail" 6642: received Excalibur from a strange woman laying about in a pond 7348: entered Sokoban 9881: completed sokoban 1 10474: completed sokoban 2 10835: completed sokoban 3 11533: attained the rank of Woman-at-arms (level 10) 11619: completed sokoban 4 11849: acquired the Sokoban amulet of reflection 13141: acquired the Mines' End luckstone 21029: killed Medusa 21571: wished for "blessed greased fixed +2 speed boots", got "a greased pair of hiking boots" 21579: wished for "blessed greased fixed +2 gauntlets of power", got "a greased pair of old gloves" 21585: made her first artifact wish - "blessed greased fixed +2 Grayswandir", got "a greased silver saber named Grayswandir" 26930: entered Gehennom 27133: performed her first genocide (class h) 34837: bestowed with Mjollnir by Tyr 35419: bestowed with Trollsbane by Tyr 35882: bestowed with Sunsword by Tyr 40892: attained the rank of Warrior (level 14) 42128: found the Orb of Fate on the floor 42153: killed Lord Surtur 42155: acquired the Bell of Opening 43831: genocided class L 44225: bribed Asmodeus with 43 zorkmids for safe passage 44329: killed Juiblex 48402: killed the invisible Orcus 52677: destroyed Vlad the Impaler 52678: acquired the Candelabrum of Invocation 53222: killed Baalzebub 54366: genocided class e 56014: killed the invisible Wizard of Yendor 56015: acquired the Book of the Dead 56292: killed the Wizard of Yendor (2nd time) 56357: performed the invocation 56360: killed the Wizard of Yendor (3rd time) 56561: killed the high priest of Moloch 56565: acquired The Amulet of Yendor 58223: genocided class c 58224: genocided class P 58225: genocided class R 58335: killed the Wizard of Yendor (5th time) 59229: entered the Elemental Planes 59229: entered Plane of Earth 59274: entered Plane of Air 59347: entered Plane of Fire 59399: entered Plane of Water 59401: genocided class ; 59459: entered the Astral Plane 59475: wished for "greased ring of free action", got "a greased agate ring" 59485: poisoned by Pestilence Inventory: Amulets i - an uncursed amulet of reflection (being worn) j - the Amulet of Yendor named REAL!! Weapons Y - 9 +0 daggers (at the ready) a - the blessed +6 Grayswandir (wielded in right hand) D - a blessed +4 silver saber (wielded in left hand) Armor B - a blessed rusty +4 dwarvish iron helm (being worn) t - a blessed rustproof +5 pair of gauntlets of power (being worn) o - a blessed fireproof +4 pair of speed boots (being worn) O - an uncursed thoroughly burnt +4 oilskin cloak (being worn) V - an uncursed greased +4 gray dragon scale mail (being worn) Rings H - an uncursed ring of conflict (on left hand) G - a cursed greased ring of free action (on right hand) g - an uncursed ring of slow digestion Wands z - a cursed wand of cancellation (0:4) P - a wand of cold (0:5) W - a wand of death (1:6) C - a wand of digging (0:7) F - a cursed wand of digging (0:4) f - a wand of polymorph (1:0) N - a wand of secret door detection (0:9) c - a wand of speed monster (0:4) m - a wand of teleportation (0:6) r - a wand of teleportation (0:4) E - a wand of wishing (1:0) Tools I - a blessed bag of holding containing 22 items y - an uncursed oilskin sack containing 7 items T - an uncursed bugle named geno hLe K - the Bell of Opening (0:2) l - an uncursed brass lantern J - the blessed Orb of Fate (0:5) x - a rusty +0 pick-axe named cold fire sleep shock disint tele speed k - an uncursed skeleton key named protection 11? X - an uncursed towel (being worn) h - a +0 unicorn horn Contents of the oilskin sack: a wand of cancellation (0:1) a wand of death (0:3) a blessed wand of digging (0:7) a wand of digging (0:5) a wand of fire (0:1) a wand of magic missile (0:7) a wand of teleportation (0:8) Contents of the bag of holding: an uncursed amulet of magical breathing the blessed rustproof +1 Excalibur an uncursed +0 pair of levitation boots 2 uncursed lembas wafers 3 uncursed lumps of royal jelly an uncursed sprig of wolfsbane an uncursed tin of nurse meat 4 blessed scrolls of charging 3 uncursed scrolls of earth 5 blessed scrolls of enchant armor 3 blessed scrolls of genocide 4 blessed scrolls of identify an uncursed scroll of identify 5 blessed scrolls of magic mapping an uncursed scroll of magic mapping a blessed scroll of remove curse a potion of holy water 4 blessed potions of full healing a blessed potion of restore ability an uncursed ring of levitation a wand of digging (0:4) a wand of digging (0:3) MrWarthog the Valkyrie's attributes: Background: You were a Warrior, a level 17 human Valkyrie. You were lawful, on a mission for Tyr who was opposed by Odin (neutral) and Loki (chaotic). You were in the endgame, on the Astral Plane. You entered the dungeon 59485 turns ago. You had 699071 experience points, 580929 more were needed to attain level 18. Basics: You had 0 out of 229 hit points. You had all 59 energy points (spell power). Your armor class was -34. Your wallet was empty. Autopickup was on for '$' plus thrown, with exceptions. Final Characteristics: Your strength was 25 (base:18/08, innate limit:18/100). Your dexterity was 15 (peak:17, limit:18). Your constitution was 18 (limit:18). Your intelligence was 8 (limit:18). Your wisdom was 13 (limit:18). Your charisma was 10 (limit:18). Final Status: You died from terminal illness. You were stunned. You were confused. You were deliberately blind. You were satiated. You were unencumbered. You were wielding two weapons at once. Your two weapon skill was limited by being basic with saber. Final Attributes: You were piously aligned. You were magic-protected. You were fire resistant. You were cold resistant. You were sleep resistant. You were disintegration-resistant. You were shock resistant. You were poison resistant. You resisted hallucinations. You were telepathic. You were warned. You were invisible. You were stealthy. You caused conflict. You had a large defense bonus (+11). You were guarded. You took half physical damage. You took half spell damage. You were very fast. You had reflection. You had free action. You were extremely lucky. You had extra luck. Good luck did not time out for you. You are dead. Miscellaneous: You never encountered a bones level. Total elapsed playing time was 10 hours, 52 minutes and 25 seconds. Vanquished creatures: Baalzebub Orcus Juiblex the Wizard of Yendor (6 times) Vlad the Impaler a high cleric 3 mastodons Medusa 12 krakens an iron golem a storm giant a glass golem 7 purple worms a gray dragon 2 gold dragons a silver dragon 5 red dragons 4 white dragons 2 orange dragons 5 black dragons 3 blue dragons 10 minotaurs 2 jabberwocks Lord Surtur 4 baluchitheria an Angel 2 demiliches a stone golem a master mind flayer 5 Olog-hai 2 Nazgul 6 pit fiends 3 sandestins 4 hell hounds 3 displacer beasts 5 titanotheres 2 trappers a baby red dragon 4 genetic engineers 3 disenchanters 16 vampire leaders 5 skeletons 9 aligned clerics 9 captains 6 shades 3 liches 3 water trolls 7 clay golems 13 nurses 6 ice devils 2 nalfeshnees 6 lurkers above an Aleax 3 frost giants 5 ettins a golden naga 2 black puddings 28 vampires 6 lieutenants 31 ghosts a queen bee 2 winged gargoyles 8 giant mimics 3 long worms 7 zruties 17 fire giants 7 ogre tyrants 4 ice trolls 4 rock trolls 6 umber hulks 3 flesh golems 5 elven monarchs 3 doppelgangers 5 hezrous 10 bone devils 7 large mimics 6 wumpuses a fire vortex 19 stalkers 7 air elementals 2 fire elementals 7 earth elementals 5 water elementals 8 hill giants 3 giant mummies 9 xorns 18 giant zombies 12 elf-nobles 16 sergeants 2 water demons 5 barbed devils 4 vrocks 2 salamanders 17 wargs 6 winter wolves 6 hell hound pups 13 small mimics 2 glass piercers 5 warhorses 3 steam vortices 14 xans 6 ettin mummies 16 ogre leaders 16 quantum mechanics 19 trolls a sasquatch 3 wood golems 3 erinyes 4 mariliths a djinni 8 sharks 8 electric eels 9 gelatinous cubes 3 pyrolisks 9 large dogs 6 freezing spheres 8 flaming spheres 8 shocking spheres 5 large cats 11 tigers 12 gargoyles 3 dwarf rulers 7 tengu 8 ochre jellies 4 leocrottas 5 energy vortices 6 mountain centaurs 4 stone giants 7 elf mummies 10 human mummies 7 red nagas a green slime 4 pythons 4 pit vipers 5 cobras 33 wraiths 5 carnivorous apes 25 ettin zombies 3 leather golems 2 Grey-elves 113 soldiers 5 amorous demons 3 horned devils 5 chameleons 10 crocodiles 16 giant beetles 6 quivering blobs 16 cockatrices 29 wolves 8 winter wolf cubs 3 lynxes 6 panthers 20 gremlins 3 spotted jellies 49 leprechauns 6 orc-captains 10 iron piercers 3 mumakil 7 giant spiders 12 scorpions 12 horses 6 ice vortices 13 black lights 10 vampire bats 3 forest centaurs 4 gnome rulers 5 orc mummies 3 dwarf mummies 11 ogres 4 brown puddings 14 rust monsters 18 owlbears 8 yetis 9 gold golems 2 werewolves 25 Green-elves 5 piranha 19 giant eels 25 lizards 2 chickatrices 4 dingoes 3 dogs a housecat 7 jaguars 5 dwarf leaders 5 blue jellies a white unicorn 2 gray unicorns 2 black unicorns 6 dust vortices 8 ravens 5 plains centaurs 3 gnome mummies 8 snakes 12 apes 17 human zombies 3 rope golems 22 Woodland-elves 9 soldier ants 58 fire ants 7 bugbears 3 imps 4 lemures 11 quasits 3 wood nymphs 6 water nymphs 2 mountain nymphs 12 Mordor orcs 8 Uruk-hai 4 orc shamans 9 rock piercers 7 rock moles 4 ponies 6 fog clouds 14 yellow lights a shrieker 2 violet fungi 24 gnome leaders 8 gnomish wizards 3 kobold mummies a red naga hatchling a black naga hatchling a golden naga hatchling 6 gray oozes 4 barrow wights 20 elf zombies 8 ghouls 3 straw golems 3 paper golems 7 jellyfish 14 giant ants 2 little dogs 15 floating eyes 4 kittens 28 dwarves 10 homunculi 5 kobold leaders 2 kobold shamans 10 hill orcs 32 rothes 2 rabid rats a centipede 8 giant bats 2 monkeys 12 orc zombies 9 dwarf zombies 2 wererats 13 iguanas 74 killer bees 7 acid blobs 2 coyotes 5 gas spores 8 hobbits 26 manes 6 large kobolds 8 hobgoblins 10 giant rats 19 cave spiders 4 brown molds 8 yellow molds a green mold a red mold 66 gnomes 2 garter snakes 13 gnome zombies 13 geckos 18 jackals 3 foxes 2 kobolds 3 goblins 19 grid bugs 5 bats 14 lichens 15 kobold zombies 6 newts 2295 creatures vanquished. Genocided or extinct species: chickatrices cockatrices pyrolisks gas spores floating eyes freezing spheres flaming spheres shocking spheres hobbits dwarves bugbears dwarf leaders dwarf rulers mind flayers master mind flayers liches demiliches master liches arch-liches gray oozes brown puddings green slimes black puddings rust monsters disenchanters soldiers (extinct) erinyes (extinct) jellyfish piranha sharks giant eels electric eels krakens 31 species genocided. 2 species extinct. Voluntary challenges: You read items or engraved 95 times. You engraved Elbereth 2 times. You genocided 31 types of monsters. You never changed form. You used 5 wishes (1 for an artifact). You did not violate any of the special Sokoban rules. Achievements: You entered a shop. You entered the Gnomish Mines. You attained the rank of Skirmisher. You attained the rank of Fighter. You entered Minetown. You entered a temple. You entered Sokoban. You attained the rank of Woman-at-arms. You completed Sokoban. You completed the Gnomish Mines. You defeated Medusa. You learned the tune to open and close the Castle's drawbridge. You entered Gehennom. You attained the rank of Warrior. You had the Bell of Opening. You handled the Candelabrum of Invocation. You handled the Book of the Dead. You gained access to Moloch's Sanctum. You had the Amulet of Yendor. You reached the Elemental Planes. You reached the Astral Plane. The Elemental Planes: Astral Plane: <- You were here. Final resting place for you, poisoned by Pestilence. Plane of Water: Plane of Fire: Plane of Air: Plane of Earth: The Dungeons of Doom: levels 1 to 25 Level 1: One way stairs up to The Elemental Planes. Level 2: A potion shop, many fountains. Level 3: "vault" A general store. Stairs down to The Gnomish Mines. Level 4: Some fountains, a sink. Level 5: A scroll shop, a fountain. Level 6: Many fountains. Level 7: Stairs up to Sokoban, level 6. Level 8: Level 9: An altar to Tyr. Level 10: Level 11: A fountain. Level 12: An altar to Tyr, a fountain. Portal to Fort Ludios. Level 13: A weapon shop. Portal to The Quest. Level 14: Level 15: Some altars. Level 16: Level 17: A primitive area. Level 18: A temple. Level 19: An altar to Tyr, a fountain. Level 20: "vault" A fountain. Level 21: An altar to Tyr, a sink, a grave. Level 22: A temple. Level 23: "spare silver saber" A grave. Level 24: Level 25: A throne, a fountain. The castle (play notes "CEBAF" to open or close drawbridge). Connection to Gehennom. Gehennom: levels 26 to 45 Level 26: A temple, many graves. Valley of the Dead. Level 27: Level 28: Level 29: Level 30: Level 31: Level 32: Level 33: Level 34: Level 35: "ORCUS!!!" Some shops, an altar, many graves. Stairs up to Vlad's Tower, level 34. Level 36: Level 37: Level 38: Level 39: Level 40: Level 41: Level 42: "tower" Level 43: "tower" Level 44: Level 45: A temple, many graves. Moloch's Sanctum. The Gnomish Mines: levels 4 to 11 Level 4: Level 5: Level 6: "stethoscope + harp in tool shop 100+67" Many shops, a temple to Tyr, many fountains. Level 7: "spare long sword" Level 8: Level 9: Level 10: Level 11: The Quest: levels 1 to 5 Level 1: A fountain. Completed quest for the Norn. Level 2: Level 3: Level 4: Level 5: Sokoban: levels 6 up to 3 Level 3: Solved. Level 4: Solved. Level 5: Solved. Level 6: "stash $3.4k" Solved. Fort Ludios: Level 1: Vlad's Tower: levels 34 up to 32 Level 32: A throne. Level 33: Level 34: Game over: ---------- / \ / REST \ / IN \ / PEACE \ / \ | MrWarthog | | 0 Au | | poisoned by | | Pestilence | | | | | | 2022 | *| * * * | * _________)/\\_//(\/(/\)/\//\/|_)_______ Farvel MrWarthog the Valkyrie... You were poisoned in The Astral Plane with 1138808 points, and 0 pieces of gold, after 59485 moves. You were level 17 with a maximum of 229 hit points when you were poisoned.